 Dungeon Crawl Stone Soup version 0.21.1-1-g345015fe64 (webtiles) character file.

455 Ingvold the Ruffian (level 6, -4/61 HPs)
             Began as a Troll Monk on May 29, 2018.
             Was a Believer of Cheibriados.
             Slain by a centaur skeleton (7 damage)
             ... on level 4 of the Dungeon.
             The game lasted 00:06:45 (2378 turns).

Ingvold the Ruffian (Troll Monk)                    Turns: 2378, Time: 00:06:46

Health: -4/61      AC:  5    Str: 26    XL:     6   Next: 76%
Magic:  0/5        EV: 12    Int: 10    God:    Cheibriados [**....]
Gold:   97         SH:  0    Dex: 16    Spells: 5/5 levels left

rFire    . . .     SeeInvis .     - Unarmed
rCold    . . .     Gourm    +   (no shield)
rNeg     . . .     Faith    .   a - +0 robe
rPois    .         Spirit   +   (helmet restricted)
rElec    .         Reflect  .   (no cloak)
rCorr    .         Harm     .   (gloves unavailable)
MR       .....                  (boots unavailable)
Stlth    ++........             p - amulet of guardian spirit
HPRegen  0.60/turn              c - ring of wizardry
MPRegen  0.09/turn              (no ring)

@: very slow
A: large, unfitting armour, claws 3, fast metabolism 3, gourmand, regeneration
1, shaggy fur 1, tough skin 2
a: Bend Time, Renounce Religion


You were on level 4 of the Dungeon.
You worshipped Cheibriados.
Cheibriados was pleased with you.
You were very full.

You visited 1 branch of the dungeon, and saw 4 of its levels.

You collected 97 gold pieces.

Inventory:

Armour
 a - a +0 robe (worn)
Jewellery
 c - a ring of wizardry (left claw)
 p - an amulet of guardian spirit (around neck)
Scrolls
 e - a scroll of noise {unknown}
 h - 4 scrolls of identify {unknown}
 j - 2 scrolls of enchant weapon {unknown}
 m - 3 scrolls of teleportation {unknown}
 n - a scroll of magic mapping {unknown}
 s - a scroll of amnesia {unknown}
Potions
 d - 2 potions of magic {unknown}
 f - 2 potions of resistance {unknown}
 g - a potion of haste {unknown}
 i - 2 potions of curing {unknown}
 k - a potion of mutation {unknown}
 l - a potion of brilliance {unknown}
 o - 2 potions of lignification {unknown}
 q - 2 potions of degeneration {unknown}
Comestibles
 b - 7 rations


   Skills:
 + Level 3.4 Fighting
 + Level 3.9 Dodging
 - Level 1.0 Stealth
 + Level 5.9 Unarmed Combat
 * Level 0.8 Invocations


You had 5 spell levels left.
You didn't know any spells.

Dungeon Overview and Level Annotations

Branches:
Dungeon (4/15)
 Temple: D:4-7

Altars:
Ashenzari
Cheibriados
Fedhas
Qazlal
Trog

Annotations:
D:4 Dowan, Edmund, Menkaure


Innate Abilities, Weirdness & Mutations

You are too large for most types of armour.
You have claws for hands.
Your metabolism is lightning-fast.
You like to eat raw meat.
Your natural rate of healing is unusually fast.
You are covered in fur. (AC +1)
You have very tough skin. (AC +2)


Message History

* * * LOW HITPOINT WARNING * * *
The centaur skeleton hits you.
* * * LOW HITPOINT WARNING * * *
Dowan casts a spell.
Dowan blinks!
The centaur skeleton barely misses you. Dowan misses you.
Dowan points at you and mumbles some strange words.
The stone arrow misses you. The centaur skeleton hits you!
* * * LOW HITPOINT WARNING * * *
Dowan hits you but does no damage. Dowan hits you with a dagger.
* * * LOW HITPOINT WARNING * * *
The centaur skeleton hits you.
* * * LOW HITPOINT WARNING * * *
Menkaure calls on the powers of darkness!
Dowan convulses!
Your body is wracked with pain!
* * * LOW HITPOINT WARNING * * *
Dowan gestures wildly while chanting.
Dowan blinks!
The centaur skeleton hits you!
You die...

###...# #.# #.## #####
#...######### #..#
###.#.......# ##.# .........#
#.# ############ #....e...# #.#
...........# #........## #.#
###.####...####.........#
#.##### #.#
#.......<..#.#.#.###...... #.#
#........@................ #.#
#...#####§Z#.#.#..##...##+
########...###..l.......###.###
...............#.M#.#.#.# #.#
########.....####.......# #.#
#.# #.....# ##..##### #.# #.#
#.....# ##)# #.# #.# #.#####
#..# ... ##.####.# ##.#


You could see Menkaure, Dowan, a frilled lizard and a centaur skeleton.

Vanquished Creatures
  Sigmund (D:2)
  Duvessa (D:4)
  A hound (D:4)
  Natasha (thrice) (D:2)
  A worker ant (D:4)
  2 adders
  3 worms
  3 leopard geckos (D:2)
  3 orcs
  2 giant cockroaches (D:2)
  4 goblins
  6 hobgoblins
  13 jackals
  6 kobolds
  3 quokkas (D:3)
  A ball python (D:1)
  5 bats
  6 frilled lizards
  A jackal skeleton (D:4)
  10 rats
75 creatures vanquished.

Notes
Turn   | Place    | Note
-------+----------+-------------------------------------------
     0 | D:1      | Ingvold the Troll Monk began the quest for the Orb.
     0 | D:1      | Reached XP level 1. HP: 22/22 MP: 0/0
   112 | D:1      | Reached XP level 2. HP: 24/29 MP: 1/1
   391 | D:1      | Reached XP level 3. HP: 31/36 MP: 2/2
   529 | D:2      | Noticed Sigmund
   543 | D:2      | Killed Sigmund
   543 | D:2      | Reached skill level 4 in Unarmed Combat
   543 | D:2      | Reached XP level 4. HP: 30/45 MP: 3/3
   543 | D:2      | Reached XP level 5. HP: 36/53 MP: 4/4
   602 | D:2      | Noticed Natasha
   608 | D:2      | Killed Natasha
   608 | D:2      | Reached skill level 5 in Unarmed Combat
   681 | D:2      | Found a shattered altar of Ashenzari.
   747 | D:2      | Noticed Natasha
   753 | D:2      | Killed Natasha
   759 | D:2      | Reached XP level 6. HP: 42/61 MP: 5/5
   764 | D:2      | Noticed Natasha
   770 | D:2      | Killed Natasha
   810 | D:2      | Found a blossoming altar of Fedhas.
  1099 | D:2      | Found a bloodstained altar of Trog.
  1403 | D:3      | Found a snail-covered altar of Cheibriados.
  1599 | D:3      | Found a stormy altar of Qazlal.
  1740 | D:3      | Became a worshipper of Cheibriados the Contemplative
  1740 | D:3      | Reached * piety under Cheibriados
  1740 | D:3      | Reached ** piety under Cheibriados
  2110 | D:4      | Noticed Edmund
  2358 | D:4      | Noticed Duvessa
  2361 | D:4      | Noticed Dowan
  2369 | D:4      | Noticed Menkaure
  2371 | D:4      | Killed Duvessa
  2377 | D:4      | HP: 3/61 [centaur skeleton (5)]
  2378 | D:4      | Slain by a centaur skeleton

Skill      XL: |  1  2  3  4  5 |
---------------+----------------+-----
Fighting       | 3 |  3.4
Dodging        | 3 |  3.9
Unarmed Combat | 4 5 |  5.9
Stealth        | |  1.0
Invocations    | |  0.8

Action                   |  1- 3 |  4- 6 || total
-------------------------+-------+-------++-------
Melee: Unarmed           |    79 |   121 ||   200
       Punch             |     3 |     3 ||     6
Invok: Bend Time         |       |     1 ||     1
 Stab: Sleeping          |     1 |     5 ||     6
  Eat: Chunk             |    10 |    14 ||    24
Armor: Robe              |    36 |    25 ||    61
Dodge: Dodged            |    40 |    72 ||   112
